cohdb
Replays
Latest Replays
All Replays
Popular Replays
Top Player Replays
Match Explorer
How It Works
Community
CoH3 Stats
Reddit
Sign in to upload your games and track your stats! →
Sign in with Steam
Match 43538974
Unlisted
Match 43538974
Overview
Messages
Build Orders
End
Vickers Machine Gun Team
Construct Section Command Post
Selects Canadian Shock Battlegroup
Infantry Section
Royal Engineer Section
Selects Attacking Spirit
Selects Canadian Shock Section
ML 3-inch Mortar Team
Selects Incendiary Munitions
Canadian Shock Section
Construct Platoon Command Post
6-pounder Anti-tank Gun Team
Construct Company Command Post
CMP 15cwt Truck
Forward Retreat Point
Selects Pyrotechnics
Unlock M3 Grant Medium Tanks
M3 Grant Medium Tank
Selects Demolition Engineering
M3 Grant Medium Tank
Selects Smoke Operation
Armored Vehicle Training
Smoke Operation
Royal Engineer Section
M3 Grant Medium Tank
Smoke Operation
M3 Grant Medium Tank
Smoke Operation
Otter
Mystery
Bar.Soap
WrebbsJohnsonGiver
MZMZ
-Caso-
MightyOstrich
jerjawe
0
0
Comments
sign in to comment!
No comments posted yet!